 Dungeon Crawl Stone Soup version 0.31.0-12-g77e489cdc1 (webtiles) character file.

Game seed: 1399863897844390997

2503 Doomgape the Ruffian (level 9, -17/89 HPs)
             Began as a Troll Fighter on Mar 4, 2024.
             Was a Believer of Okawaru.
             Killed from afar by a gargoyle (22 damage)
             ... with a stone arrow
             ... on level 7 of the Dungeon.
             The game lasted 00:16:17 (5627 turns).

Doomgape the Ruffian (Troll Fighter)                Turns: 5627, Time: 00:16:17

Health: -17/89     AC: 15    Str: 30    XL:     9   Next: 28%
Magic:  0/8        EV:  8    Int:  4    God:    Okawaru [**....]
Gold:   456        SH:  9    Dex:  9    Spells: 8/8 levels left

rFire   + +          .
                       - Unarmed
rCold   x . .        b - +0 kite shield
rNeg    . . .        p - +1 fire dragon scales
rPois   .            e - +1 hat
rElec   .            a - +2 cloak {Will+}
rCorr   .            (gloves unavailable)
SInv    .            (boots unavailable)
Will    +....        r - amulet of guardian spirit Stlth
                     (no ring)
HPRegen 1.14/turn    (no ring)
MPRegen 0.11/turn

%: guardian spirit
@: no status effects
A: large, unfitting armour, claws 3, regeneration 1, shaggy fur 1, tough skin 1
a: Renounce Religion, Heroism


You were on level 7 of the Dungeon.
You worshipped Okawaru.
Okawaru was pleased with you.
You visited 2 branches of the dungeon, and saw 8 of its levels.
You also visited: Sewer.

You collected 456 gold pieces.

Inventory:

Missiles
 q - 4 javelins (quivered)
Armour
 a - a +2 cloak of willpower (worn)
 b - a +0 kite shield (worn)
 e - a +1 hat (worn)
 p - +1 fire dragon scales (worn)
Jewellery
 r - an amulet of guardian spirit (around neck)
Wands
 m - a wand of polymorph (9)
Scrolls
 d - 5 scrolls of identify
 g - 2 scrolls of poison
 h - 2 scrolls of immolation
 i - 3 scrolls of amnesia
 k - a scroll of fear
 u - a scroll of revelation
Potions
 f - 2 potions of cancellation
 j - 2 potions of haste {unknown}
 l - 3 potions of mutation {unknown}
 n - a potion of resistance {unknown}
 o - a potion of curing {unknown}
 s - 3 potions of heal wounds {unknown}
 t - a potion of ambrosia {unknown}


   Skills:
 + Level 5.8 Fighting
 + Level 5.8 Dodging
 + Level 6.3 Shields
 + Level 6.5 Unarmed Combat


You had 8 spell levels left.
You didn't know any spells.
Your spell library was empty.

Dungeon Overview and Level Annotations

Branches:
Dungeon (7/15)             Temple (1/1) D:6           Sewer (visited)

Altars:
Ashenzari
Cheibriados
Dithmenos
Elyvilon
Fedhas
Gozag
Hepliaklqana
Kikubaaqudgha
Makhleb
Nemelex Xobeh
Okawaru
Qazlal
Ru
Sif Muna
Trog
Uskayaw
Vehumet
Wu Jian
Xom
Yredelemnul
Zin
The Shining One


Innate Abilities, Weirdness & Mutations

You are too large for most types of armour.
You have claws for hands.
Your natural rate of healing is unusually fast.
You are covered in fur. (AC +1)
You have tough skin. (AC +1)


Message History

The gargoyle is severely damaged.
The gargoyle hurls a stone arrow at you.
The stone arrow hits you!!
You scratch the gargoyle but do no damage.
The gargoyle is heavily damaged.
The gargoyle hits you with a +0 morningstar!
You scratch the gargoyle but do no damage.
The gargoyle is heavily damaged.
The gargoyle hits you with a +0 morningstar!
You scratch the gargoyle.
The gargoyle is severely damaged.
The gargoyle hurls a stone arrow at you.
You block the stone arrow.
You barely miss the gargoyle.
The gargoyle is severely damaged.
You block the gargoyle's attack.
You scratch the gargoyle.
The gargoyle is severely damaged.
The gargoyle barely misses you.
You scratch the gargoyle but do no damage.
The gargoyle is severely damaged.
You block the gargoyle's attack.
You completely miss the gargoyle.
The gargoyle is severely damaged.
The gargoyle hurls a stone arrow at you.
The stone arrow hits you!
You scratch the gargoyle but do no damage.
The gargoyle is severely damaged.
The gargoyle hurls a stone arrow at you.
The stone arrow hits you!
* * * LOW HITPOINT WARNING * * *
You scratch the gargoyle but do no damage.
The gargoyle is severely damaged.
The gargoyle hits you with a +0 morningstar!!
* * * LOW HITPOINT WARNING * * *
You barely miss the gargoyle.
The gargoyle is severely damaged.
The gargoyle hurls a stone arrow at you.
The stone arrow hits you!!
You die...

#########
#######.......#
........#####.#
#.#######......#
#.####....######
......#...##
..#..#..#..##
##...##@..#
##.###9...# #.#
.###.# #.#.# .#
#..####.####..##
#.....♣.....#
#..####.####..###
#.#.# ...##
#.##.###...###


You could see a gargoyle.

Vanquished Creatures
  The ghost of fedepesso the Skirmisher, a novice MiHu of Dithmenos (D:6)
  A cyclops (D:7)
  Sigmund (D:2)
  A water moccasin (D:7)
  An orc warrior (D:6)
  2 ice beasts
  An ogre (D:6)
  A phantom (D:6)
  A weeping skull (D:3)
  3 bullfrogs
  A gnoll sergeant (D:7)
  2 scorpions (D:6)
  A bombardier beetle (D:6)
  3 jellies (Sewer)
  A hound (D:6)
  2 iguanas
  A sleepcap (D:5)
  An orc wizard (D:6)
  6 gnolls (D:7)
  9 adders
  A river rat (Sewer)
  A shadow imp (D:7)
  2 dart slugs
  9 orcs (D:6)
  9 ball pythons
  12 endoplasms
  7 giant cockroaches
  7 goblins
  6 hobgoblins
  4 jackals
  7 quokkas
  8 bats
  11 frilled lizards
  4 kobolds (D:3)
  9 rats
  A spectral orc (D:3)
138 creatures vanquished.

Notes
Turn   | Place    | Note
-------+----------+-------------------------------------------
     0 | D:1      | Doomgape the Troll Fighter began the quest for the Orb.
     0 | D:1      | Reached XP level 1. HP: 22/22 MP: 0/0
   272 | D:1      | Reached XP level 2. HP: 29/29 MP: 1/1
   977 | D:2      | Noticed Sigmund
  1013 | D:2      | Killed Sigmund
  1014 | D:2      | Reached XP level 3. HP: 18/37 MP: 2/2
  1014 | D:2      | Reached XP level 4. HP: 21/45 MP: 3/3
  1014 | D:2      | Reached XP level 5. HP: 25/53 MP: 4/4
  1921 | D:3      | Found a basalt altar of Yredelemnul.
  1930 | D:3      | Reached XP level 6. HP: 56/61 MP: 5/5
  2035 | D:3      | Identified the +1 great sword "Isial" {drain, Will+ Str+4}
  2497 | D:3      | Identified a scroll of acquirement
  2497 | D:3      | Acquired a +2 cloak of willpower
  2884 | D:4      | Found a glowing drain.
  2903 | Sewer    | Entered a sewer
  3079 | Sewer    | Found a viscous altar of Jiyva.
  3582 | D:4      | Reached XP level 7. HP: 66/68 MP: 6/6
  3992 | D:5      | Entered Level 5 of the Dungeon
  4088 | D:5      | You fall into a shaft and drop 2 floors!
  4182 | D:6      | Found an ornate altar of the Wu Jian Council.
  4239 | D:6      | Found a staircase to the Ecumenical Temple.
  4248 | Temple   | Entered the Ecumenical Temple
  4314 | Temple   | Became a worshipper of Warmaster Okawaru
  4472 | D:6      | Found a radiant altar of Vehumet.
  4506 | D:6      | Found a runed translucent door.
  4510 | D:6      | Noticed fedepesso's ghost (novice MiHu)
  4691 | D:6      | Identified the +2 ring mail "Weobun" {Dex+2}
  4881 | D:6      | Reached * piety under Okawaru
  4882 | D:6      | Reached skill level 5 in Shields
  4882 | D:6      | Reached skill level 5 in Unarmed Combat
  4882 | D:6      | Reached XP level 8. HP: 79/79 MP: 7/7
  5146 | D:6      | Killed fedepesso's ghost
  5147 | D:6      | Reached skill level 5 in Fighting
  5147 | D:6      | Reached skill level 5 in Dodging
  5257 | D:7      | Reached ** piety under Okawaru
  5313 | D:7      | Found a sacrificial altar of Ru.
  5401 | D:7      | Found a hazy altar of Hepliaklqana.
  5423 | D:7      | Reached XP level 9. HP: 83/88 MP: 6/8
  5459 | D:7      | Found a bloodstained altar of Trog.
  5504 | D:7      | Noticed a cyclops
  5522 | D:7      | Killed a cyclops
  5608 | D:7      | Noticed a gargoyle
  5626 | D:7      | HP: 4/89 [gargoyle/+0 morningstar (22)]
  5627 | D:7      | Killed from afar by a gargoyle

Illustrated notes

Levels and vault maps discovered:
D:1:      amcnicky_arrival_wind_blow, layout_loops_ring
D:2:      minmay_recursive_quarters, layout_basic,
          corexii_item_surrounded_by_moat, uniq_sigmund
D:3:      layout_basic, yredelemnul_forgotten_temple_becter,
          kennysheep_cluttered_room, minivault_5, kennysheep_pointless_box,
          kennysheep_generic_room_8
D:4:      layout_cave_pods, portal_sewer_entry_f, serial_rivers,
          chequers_serial_rivers_micro_b, chequers_serial_rivers_micro_a,
          chequers_serial_rivers_large_a, chequers_serial_rivers_small_b
D:5:      layout_cave_pools, serial_shops, shop
D:6:      layout_cave_pods, lemuel_tele_altar, nicolae_vehumet_altar_sigil,
          minmay_temple_entry_poolview, ebering_ghost_sewer_d,
          nicolae_zig_zag_zippers
D:7:      gammafunk_cloud_chamber, layout_gridville,
          mainiacjoe_overflow_catch_the_wave, mainiacjoe_overflow_tiny_flanked,
          enter_bailey_6, serial_library_hellmonk_layered_room, hex_tiny,
          kb_rosetta
Temple:   nicolae_temple_bog_church

Skill      XL: |  1  2  3  4  5  6  7  8 |
---------------+-------------------------+-----
Shields        | 3 4 5 6 |  6.3
Fighting       | 3 4 5 |  5.8
Dodging        | 3 4 5 |  5.8
Unarmed Combat | 3 4 5 6 |  6.5

Action                     |  1- 3 |  4- 6 |  7- 9 || total
---------------------------+-------+-------+-------++-------
  Melee: Unarmed           |    73 |   198 |   167 ||   438
    Use: Scroll            |       |     9 |     3 ||    12
         Potion            |       |       |     1 ||     1
 Armour: Robe              |    46 |    18 |       ||    64
         Fire dragon scale |       |   114 |   110 ||   224
  Dodge: Dodged            |    16 |    47 |    43 ||   106
  Block: Kite shield       |    29 |    81 |    72 ||   182
